 Dungeon Sprint DCSS version 0.29-a0-322-g68df515428 (webtiles) character file.

Game seed: 7460966178122528330

27535 mhtbhm the Phalangite (level 13, 0/222 HPs)
             Began as a Minotaur Berserker on Apr 9, 2022.
             Was the Champion of Trog.
             Succumbed to Agnes's poison
             ... in the Dungeon (Sprint IX: "|||||||||||||||||||||||||||||").
             The game lasted 00:05:25 (3508 turns).

mhtbhm the Phalangite (Minotaur Berserker)          Turns: 3508, Time: 00:05:26

Health: 0/222      AC: 25    Str: 30    XL:     13   Next: 4%
Magic:  12/12      EV: 12    Int:  7    God:    Trog [******]
Gold:   1448       SH:  0    Dex: 10    Spells: 12/12 levels left

rFire   + . .      SeeInvis +   a - +6 bardiche (vorpal)
rCold   . . .      Faith    .   (shield currently unavailable)
rNeg    . . .      Spirit   .   b - +2 plate armour {rF+}
rPois   .          Reflect  .   u - +0 hat {Int+3}
rElec   .          Harm     .   t - +0 cloak
rCorr   .          Rampage  .   F - +1 pair of gloves
Will    .....      NoTele   +   (no boots)
Stlth   ..........              (no amulet)
HPRegen 0.47/turn               l - +3 ring of strength
MPRegen 0.13/turn               B - ring of see invisible

@: berserking, lethally poisoned (0 -> -6), very quick
A: horns 2, retaliatory headbutt
a: Renounce Religion, Berserk, Trog's Hand, Brothers in Arms


You were in the Dungeon.
You worshipped Trog.
Trog was exalted by your worship.
You visited 1 branch You collected 1942 gold pieces.
You spent 494 gold pieces at shops.

Inventory:

Hand Weapons
 a - a +6 vorpal bardiche (weapon)
 v - a +1 glaive of flaming
Missiles
 n - 3 poisoned darts
 A - a curare-tipped dart (quivered)
Armour
 b - a +2 plate armour of fire resistance (worn)
 t - a +0 cloak (worn)
 u - a +0 hat of intelligence (worn)
 F - a +1 pair of gloves (worn)
Jewellery
 l - a +3 ring of strength (left hand)
 B - a ring of see invisible (right hand)
 D - a ring of ice
 E - a ring of protection from fire
Wands
 j - a wand of acid (2)
Scrolls
 h - 4 scrolls of blinking
 p - 2 scrolls of fear
 q - 2 scrolls of enchant armour
 r - 6 scrolls of fog
 s - 4 scrolls of enchant weapon
 w - a scroll of magic mapping
 x - a scroll of summoning
 y - a scroll of identify
 z - a scroll of brand weapon
Potions
 c - 6 potions of curing
 d - 7 potions of heal wounds
 e - a potion of haste
 f - 4 potions of magic
 g - a potion of berserk rage
 i - a potion of invisibility
 k - 2 potions of might
 o - 2 potions of mutation


   Skills:
 + Level 23.0 Fighting
 + Level 24.2 Polearms
 + Level 2.0 Throwing
 + Level 20.1 Armour
 + Level 9.9 Dodging
 + Level 3.4 Stealth
 + Level 4.3 Evocations


You had 12 spell levels left.
You didn't know any spells.
Your spell library was empty.

Dungeon Overview and Level Annotations

Branches:
Dungeon (1/1)

Altars:
Cheibriados
Dithmenos
Elyvilon
Fedhas
Gozag
Hepliaklqana
Kikubaaqudgha
Makhleb
Nemelex Xobeh
Okawaru
Qazlal
Ru
Sif Muna
Trog
Uskayaw
Vehumet
Wu Jian
Xom
Yredelemnul
Zin
The Shining One
Beogh
Jiyva
Lugonu

Shops:
D [?(?


Innate Abilities, Weirdness & Mutations

You have a pair of horns on your head.
You reflexively headbutt those who attack you in melee.


Message History

Agnes is severely wounded.
You feel very sick.
Agnes hits you with a +4 lajatang of venom!
You miss Agnes.
Agnes is severely wounded.
You feel very sick.
Agnes hits you with a +4 lajatang of venom!
Agnes hits you with a +4 lajatang of venom!!
* * * LOW HITPOINT WARNING * * *
You are more poisoned.
You feel better.
Agnes hits you with a +4 lajatang of venom!!
* * * LOW HITPOINT WARNING * * *
Press: ? - help, v - describe, . - travel
Here: Agnes, wielding a +4 lajatang of venom and wearing a +1 robe of willpower (severely wounded)
The floor, spattered with blood.
A red film seems to cover your vision as you go berserk!
You feel yourself moving faster!
You feel mighty!
Agnes hits you with a +4 lajatang of venom!!
* * * LOW HITPOINT WARNING * * *
Agnes hits you with a +4 lajatang of venom!
* * * LOW HITPOINT WARNING * * *
You are lethally poisoned!
You open Agnes like a pillowcase!!!
You feel the power of Trog in you as your rage grows.
You kill Agnes!
Trog accepts your kill.
* * * LOW HITPOINT WARNING * * *
You feel sick.
Your Fighting skill increases to level 23!
Your Polearms skill increases to level 24!
Your Throwing skill increases to level 2!
Your Armour skill increases to level 20!
You have reached level 13!
* * * LOW HITPOINT WARNING * * *
You feel sick.
Things that are here:
a +4 lajatang of venom; a +1 robe of willpower You feel a strong urge to attack something.
You die...

▓_▓.▓.▓.▓)▓.▓)▓
▓_▓.▓.▓.▓.▓.▓)▓.♣
▓_▓.▓)▓.▓.▓.▓)▓.♣
▓_▓.▓†▓.▓.▓.▓)▓.♣
▓_▓.▓.▓.▓.▓.▓)▓.♣
▓_▓.▓.▓.▓.▓.▓.▓.♣
▓_▓.▓.▓.▓.▓.▓[▓.♣
▓_▓.▓.▓.▓.▓.▓[▓.▓
▓_▓.▓.▓.▓.▓.▓[▓@▓
▓_▓.▓.▓.▓)▓.▓[▓)▓
▓_▓.▓.▓.▓.▓.▓[▓.▓
▓_▓.▓†▓.▓)▓.▓[▓.▓
▓_▓.▓.▓.▓)▓.▓[▓.▓
▓_▓.▓)▓.▓)▓.▓[▓.▓
▓_▓.▓.▓.▓)▓.▓.▓.▓
▓_▓.▓÷▓.▓)▓.▓.▓.▓
▓_▓.▓.▓.▓)▓.▓.▓.▓


There were no monsters in sight!

Vanquished Creatures
  Rupert (D)
  Gastronok (D)
  Agnes (D)
  3 stone giants (D)
  A dire elephant (D)
  2 fire dragons (D)
  An ettin (D)
  A rakshasa (D)
  A boulder beetle (D)
  2 ogre magi (D)
  A death knight (D)
  A spriggan air mage (D)
  A centaur warrior (D)
  A two-headed ogre (D)
  A deep troll shaman (D)
  An orc high priest (D)
  Sonja (D)
  4 deep trolls (D)
  A glowing orange brain (D)
  An orc knight (D)
  2 manticores (D)
  A torpor snail (D)
  7 elephants (D)
  3 cane toads (D)
  A komodo dragon (D)
  A yaktaur (D)
  A tengu conjurer (D)
  5 trolls (D)
  A hornet (D)
  3 blink frogs (D)
  A slime creature (shapeshifter) (D)
  2 yaks (D)
  A shadow (D)
  2 basilisks (D)
  2 wyverns (D)
  2 vampire mosquitoes (D)
  A steam dragon (D)
  A water moccasin (D)
  An ice beast (D)
  5 orc warriors (D)
  A black bear (D)
  A wolf (D)
  A kobold brigand (D)
  2 bullfrogs (D)
  A killer bee (D)
  An orc priest (D)
  A gnoll shaman (D)
  An iguana (D)
  4 orc wizards (D)
  A white imp (D)
  2 dart slugs (D)
  9 orcs (D)
  A giant cockroach (D)
  A jackal (D)
  A frilled lizard (D)
  A rat (D)
99 creatures vanquished.

Vanquished Creatures (collateral kills)
  3 orc warriors (D)
  An orc priest (D)
  An orc (D)
5 creatures vanquished.

Vanquished Creatures (others)
  An orc wizard (D)
1 creature vanquished.

Grand Total: 105 creatures vanquished

Notes
Turn   | Place    | Note
-------+----------+-------------------------------------------
     0 | D        | mhtbhm the Minotaur Berserker began the quest for the Orb.
     0 | D        | Reached XP level 1. HP: 19/19 MP: 0/0
     6 | D        | Reached skill level 4 in Polearms
     7 | D        | Reached ** piety under Trog
     7 | D        | Banished a spatial maelstrom
   104 | D        | Noticed an iguana
   104 | D        | Noticed a gnoll shaman
   104 | D        | Noticed an ice beast
   110 | D        | Killed an iguana
   111 | D        | Reached skill level 6 in Polearms
   111 | D        | Reached XP level 2. HP: 30/30 MP: 1/1
   111 | D        | Reached XP level 3. HP: 37/37 MP: 2/2
   111 | D        | Reached *** piety under Trog
   114 | D        | Reached XP level 4. HP: 45/45 MP: 3/3
   119 | D        | Killed an ice beast
   120 | D        | Reached skill level 8 in Polearms
   120 | D        | Reached XP level 5. HP: 48/56 MP: 4/4
   153 | D        | Found a snail-covered altar of Cheibriados.
   153 | D        | Found a shadowy altar of Dithmenos.
   153 | D        | Found a white marble altar of Elyvilon.
   153 | D        | Found a blossoming altar of Fedhas.
   153 | D        | Found an opulent altar of Gozag.
   154 | D        | Found a hazy altar of Hepliaklqana.
   155 | D        | Found a viscous altar of Jiyva.
   156 | D        | Found an ancient bone altar of Kikubaaqudgha.
   157 | D        | Found a corrupted altar of Lugonu.
   158 | D        | Found a burning altar of Makhleb.
   159 | D        | Found a sparkling altar of Nemelex Xobeh.
   160 | D        | Found an iron altar of Okawaru.
   161 | D        | Found a stormy altar of Qazlal.
   162 | D        | Found a sacrificial altar of Ru.
   163 | D        | Found a shimmering blue altar of Sif Muna.
   164 | D        | Found a bloodstained altar of Trog.
   165 | D        | Found a hide-covered altar of Uskayaw.
   166 | D        | Found a radiant altar of Vehumet.
   167 | D        | Found an ornate altar of the Wu Jian Council.
   168 | D        | Found a shimmering altar of Xom.
   169 | D        | Found a basalt altar of Yredelemnul.
   170 | D        | Found a glowing silver altar of Zin.
   171 | D        | Found a glowing golden altar of the Shining One.
   220 | D        | Noticed a hornet
   220 | D        | Noticed a wyvern
   227 | D        | Killed a hornet
   227 | D        | Reached **** piety under Trog
   228 | D        | Reached skill level 10 in Fighting
   228 | D        | Reached skill level 11 in Polearms
   228 | D        | Reached skill level 5 in Dodging
   228 | D        | Reached XP level 6. HP: 31/67 MP: 5/5
   234 | D        | Killed a wyvern
   235 | D        | Reached skill level 12 in Polearms
   235 | D        | Reached XP level 7. HP: 32/75 MP: 6/6
   416 | D        | Noticed a manticore
   416 | D        | Noticed a vampire mosquito
   416 | D        | Noticed a basilisk
   416 | D        | Noticed a two-headed ogre
   416 | D        | Noticed a vampire mosquito
   416 | D        | Noticed a shadow
   422 | D        | Killed a manticore
   422 | D        | Reached ***** piety under Trog
   423 | D        | Reached skill level 13 in Polearms
   423 | D        | Reached skill level 1 in Stealth
   423 | D        | Reached XP level 8. HP: 85/85 MP: 7/7
   493 | D        | Reached skill level 14 in Polearms
   497 | D        | Killed a two-headed ogre
   498 | D        | Reached skill level 15 in Polearms
   498 | D        | Reached skill level 10 in Armour
   500 | D        | Reached skill level 1 in Evocations
   500 | D        | Reached XP level 9. HP: 96/96 MP: 8/8
   508 | D        | Received a gift from Trog
   783 | D        | Noticed a komodo dragon
   783 | D        | Noticed a cane toad
   789 | D        | Reached skill level 15 in Fighting
   791 | D        | Killed a komodo dragon
   792 | D        | Reached skill level 16 in Polearms
   797 | D        | Noticed a cane toad
   798 | D        | Killed a cane toad
   808 | D        | Killed a cane toad
   808 | D        | Received a gift from Trog
   862 | D        | Noticed a cane toad
   865 | D        | Killed a cane toad
   866 | D        | Reached skill level 17 in Polearms
   866 | D        | Reached XP level 10. HP: 107/107 MP: 9/9
   875 | D        | Noticed a torpor snail
   884 | D        | Reached ****** piety under Trog
   889 | D        | Killed a torpor snail
   889 | D        | Received a gift from Trog
  1142 | D        | Noticed an elephant
  1142 | D        | Noticed an elephant
  1142 | D        | Noticed a dire elephant
  1142 | D        | Noticed an elephant
  1142 | D        | Noticed an elephant
  1142 | D        | Noticed an elephant
  1147 | D        | Killed an elephant
  1148 | D        | Reached skill level 18 in Polearms
  1156 | D        | Killed a dire elephant
  1159 | D        | Killed an elephant
  1160 | D        | Reached skill level 15 in Armour
  1162 | D        | Killed an elephant
  1163 | D        | Noticed an elephant
  1168 | D        | Killed an elephant
  1169 | D        | Noticed an elephant
  1170 | D        | Killed an elephant
  1171 | D        | Reached skill level 19 in Polearms
  1175 | D        | Killed an elephant
  1176 | D        | Reached XP level 11. HP: 96/118 MP: 10/10
  1179 | D        | Received a gift from Trog
  1390 | D        | Noticed Gastronok
  1401 | D        | Killed Gastronok
  1554 | D        | Received a gift from Trog
  1577 | D        | Received a gift from Trog
  1799 | D        | Noticed an orc high priest
  1814 | D        | Noticed an orc knight
  1819 | D        | Killed an orc high priest
  1820 | D        | Reached skill level 20 in Polearms
  1829 | D        | Killed an orc knight
  1834 | D        | Received a gift from Trog
  2156 | D        | Found Uploppeu's Armour Emporium.
  2156 | D        | Noticed a stone giant
  2156 | D        | Noticed an ogre mage
  2156 | D        | Noticed a deep troll
  2156 | D        | Noticed a deep troll
  2156 | D        | Noticed an ogre mage
  2160 | D        | Killed a stone giant
  2167 | D        | Killed a deep troll
  2169 | D        | Killed an ogre mage
  2174 | D        | Killed a deep troll
  2174 | D        | Received a gift from Trog
  2178 | D        | Killed an ogre mage
  2179 | D        | Reached skill level 21 in Polearms
  2181 | D        | Found Mumawil's Magic Scroll Shoppe.
  2226 | D        | Found Toulim's Weapon Emporium.
  2304 | D        | Found Byerph's Magic Scroll Shoppe.
  2306 | D        | Noticed a deep troll
  2308 | D        | Noticed a deep troll
  2311 | D        | Killed a deep troll
  2312 | D        | Reached XP level 12. HP: 129/134 MP: 11/11
  2313 | D        | Noticed an ettin
  2316 | D        | Received a gift from Trog
  2320 | D        | Killed an ettin
  2354 | D        | Bought a scroll of fog for 24 gold pieces
  2354 | D        | Bought a scroll of magic mapping for 42 gold pieces
  2358 | D        | Bought a scroll of fear for 38 gold pieces
  2358 | D        | Bought 2 scrolls of fog for 44 gold pieces
  2358 | D        | Bought a scroll of summoning for 104 gold pieces
  2358 | D        | Bought a scroll of identify for 22 gold pieces
  2358 | D        | Bought a scroll of brand weapon for 220 gold pieces
  2413 | D        | Noticed Sonja
  2421 | D        | Killed Sonja
  2659 | D        | Found the +8 arc blade {discharge, rElec}
  2741 | D        | Noticed a boulder beetle
  2741 | D        | Noticed a death knight
  2741 | D        | Noticed a centaur warrior
  2741 | D        | Noticed a fire dragon
  2744 | D        | Killed a boulder beetle
  2744 | D        | Received a gift from Trog
  2745 | D        | Reached skill level 22 in Polearms
  2745 | D        | Noticed a two-headed ogre
  2747 | D        | Killed a death knight
  2757 | D        | Killed a centaur warrior
  3051 | D        | Killed a fire dragon
  3052 | D        | Reached skill level 1 in Throwing
  3053 | D        | Noticed a rakshasa
  3055 | D        | Noticed a spriggan air mage
  3059 | D        | Noticed a stone giant
  3061 | D        | Killed a rakshasa
  3066 | D        | Killed a spriggan air mage
  3067 | D        | Reached skill level 23 in Polearms
  3067 | D        | Noticed a stone giant
  3071 | D        | Killed a stone giant
  3071 | D        | Received a gift from Trog
  3077 | D        | Killed a stone giant
  3294 | D        | Noticed a fire dragon
  3295 | D        | Noticed a deep troll shaman
  3300 | D        | Killed a fire dragon
  3301 | D        | Killed a deep troll shaman
  3423 | D        | Noticed Rupert
  3431 | D        | Killed Rupert
  3495 | D        | Noticed Agnes
  3505 | D        | HP: 4/208 [Agnes/+4 lajatang of venom (16)]
  3506 | D        | Killed Agnes
  3507 | D        | Reached skill level 24 in Polearms
  3507 | D        | Reached XP level 13. HP: 2/148 MP: 12/12
  3507 | D        | HP: 1/222 [poisoned by Agnes]
  3508 | D        | Succumbed to Agnes's poison

Illustrated notes

Levels and vault maps discovered:
D:        linesprint [early_d, line_temple, items_1, d_10, items_2, lair_1,
          lair_end, items_3, orc_1, orc_end, items_4, d_15, swamp_1, shoals_1,
          snake_1, spider_1, d_20, vaults_1, items_5, swamp_end, shoals_end,
          snake_end, spider_end, vaults_end, d_27, items_6, zot_1, zot_end,
          crypt_end, forest_end, elf_end, slime_end, tomb_end, abyss_end,
          pan_hell_end]

Skill      XL: |  1  2  3  4  5  6  7  8  9 10 11 12 |
---------------+-------------------------------------+-----
Fighting       | 6 8 10 11 12 14 16 17 20 23 | 23.0
Polearms       | 6 8 11 12 13 15 17 19 21 24 | 24.2
Armour         | 3 4 6 7 8 10 12 16 18 20 | 20.1
Dodging        | 3 4 5 6 7 8 9 |  9.9
Stealth        | 1 2 3 |  3.4
Evocations     | 1 2 4 |  4.3
Throwing       | 2 |  2.0

Action                   |  1- 3 |  4- 6 |  7- 9 | 10-12 | 13-15 || total
-------------------------+-------+-------+-------+-------+-------++-------
Melee: Spear             |    14 |     6 |       |       |       ||    20
       Headbutt          |     3 |     3 |     5 |    27 |       ||    38
       Halberd           |       |     7 |    49 |   101 |       ||   157
       Glaive            |       |       |       |    58 |       ||    58
       Bardiche          |       |       |       |    50 |       ||    50
Throw: Dart              |       |       |       |     3 |       ||     3
Invok: Berserk           |     1 |     1 |     4 |     5 |       ||    11
       Brothers in Arms  |       |       |       |     1 |       ||     1
Evoke: Wand              |       |     2 |       |     6 |       ||     8
  Use: Potion            |       |     2 |       |     3 |       ||     5
Armor: Animal skin       |     1 |       |       |       |       ||     1
       Chain mail        |       |     4 |     6 |    29 |       ||    39
       Plate armour      |       |       |       |     7 |       ||     7
Dodge: Dodged            |     3 |     5 |    15 |    30 |       ||    53

Table legend: (Time is in decaauts)
 A = Elapsed time spent in this place.
 B = Non-inter-level travel time spent in this place.
 C = Inter-level travel time spent in this place.
 D = Time resting spent in this place.
 E = Time spent auto-exploring this place.
 F = Levels seen in this place.
 G = Mean time per level.
                   A        B        C        D        E       F      G
               +--------+--------+--------+--------+--------+-----+--------+
         Total |   3541 |   3541 |      0 |   2020 |    730 |   1 | 3541.0 |
       Dungeon |   3541 |   3541 |      0 |   2020 |    730 |   1 | 3541.0 |
               +--------+--------+--------+--------+--------+-----+--------+

Top non-repeatable levels by time:
       D: 3541 daAuts
